 Dungeon Crawl Stone Soup version 0.30-a0-627-gc11e7ae (webtiles) character file.

Game seed: 2251362966863691198

128 malesh the Sneak (level 5, -6/28 HPs)
             Began as a Kobold Enchanter on Jan 12, 2023.
             Killed by nerve-wracking pain
             ... invoked by Jessica
              (14 damage)
             ... on level 3 of the Dungeon.
             The game lasted 00:09:01 (3050 turns).

malesh the Sneak (Kobold Enchanter)                 Turns: 3050, Time: 00:09:02

Health: -6/28      AC:  4    Str:  7    XL:     5   Next: 34%
Magic:  1/8        EV: 15    Int: 16    God:
Gold:   156        SH:  0    Dex: 16    Spells: 1/9 levels left

rFire   . . .      SeeInvis .    a - +2 dagger
rCold   . . .      Faith    .    (no shield)
rNeg    . . .      Spirit   .    b - +0 robe
rPois   .          Reflect  .    q - +1 helmet
rElec   .          Harm     .    (no cloak)
rCorr   .          Rampage  .    (no gloves)
Will    .....                    (no boots)
Stlth   ++++                     (no amulet)
HPRegen 0.24/turn                (no ring)
MPRegen 0.11/turn                (no ring)

@: no status effects
A: small, no large weapons, nightstalker 3
a: no special abilities


You were on level 3 of the Dungeon.
You visited 1 branch of the dungeon, and saw 3 of its levels.

You collected 156 gold pieces.

Inventory:

Hand Weapons
 a - a +2 dagger (weapon)
 g - a +1 short sword of speed
Missiles
 l - 2 poisoned darts (quivered)
Armour
 b - a +0 robe (worn)
 q - a +1 helmet (worn)
Wands
 n - a wand of quicksilver (4)
Scrolls
 e - a scroll of immolation {unknown}
 f - a scroll of poison
 h - a scroll of fog
 p - a scroll of magic mapping {unknown}
Potions
 c - 2 potions of invisibility
 d - a potion of brilliance {unknown}
 i - a potion of lignification {unknown}
 j - a potion of haste {unknown}
 k - 4 potions of curing
 m - a potion of degeneration {unknown}
 o - a potion of heal wounds {unknown}


   Skills:
 + Level 0.4 Fighting
 + Level 1.8 Short Blades
 + Level 3.0 Dodging
 + Level 6.1 Stealth
 + Level 2.6 Spellcasting
 + Level 3.4 Hexes
 + Level 1.2 Ice Magic


You had one spell level left.
You knew the following spells:

 Your Spells              Type           Power      Damage    Failure   Level
a - Ensorcelled Hibernat  Hex/Ice        18%        N/A       11%         2
b - Confusing Touch       Hex            13%        N/A       14%         3
c - Tukima's Dance        Hex            13%        N/A       14%         3

Your spell library contained the following spells:

 Spells                   Type           Power      Damage    Failure   Level
 Dazzling Flash           Conj/Hex       14%        N/A       28%         3
 Sublimation of Blood     Necr           2%         N/A       30%         2
 Petrify                  Tmut/Erth      2%         N/A       89%         4
 Irradiate                Conj/Tmut      1%         3d12      99%         5


Dungeon Overview and Level Annotations

Branches:
Dungeon (3/15)

Altars:

Annotations:
D:2 exclusions: upstairs and 1 more exclusion, Sigmund
D:3 Jessica


Innate Abilities, Weirdness & Mutations

You are small and have problems with some larger weapons.
You are completely attuned to the shadows.


Message History

Jessica gestures wildly while chanting.
Jessica blinks!
The hobgoblin hits you.
* * * LOW HITPOINT WARNING * * *
The hobgoblin attacks as you move away! The hobgoblin barely misses you.
The goblin attacks as you move away! The goblin hits you with a +0 dagger.
* * * LOW HITPOINT WARNING * * *
Casting: Confusing Touch (quite dangerous; 14% risk of failure)
Confirm with . or Enter, or press ? or * to list all spells.
Aiming: Ensorcelled Hibernation (safe; 11% risk of failure)
Press: ? - help, Shift-Dir - straight line, f - hobgoblin
Aim: a hobgoblin (chance to affect: 61%)
The hobgoblin looks drowsy...
Jessica casts a spell.
Jessica blinks!
The helpless hobgoblin fails to defend itself.
You impale the hobgoblin!!
You kill the hobgoblin!
Casting: Ensorcelled Hibernation (safe; 11% risk of failure)
Confirm with . or Enter, or press ? or * to list all spells.
Aiming: Ensorcelled Hibernation (safe; 11% risk of failure)
Press: ? - help, Shift-Dir - straight line, f - goblin
Aim: a goblin, wielding a +0 dagger (chance to affect: 61%)
The goblin resists with significant effort.
The goblin closely misses you.
Casting: Ensorcelled Hibernation (safe; 11% risk of failure)
Confirm with . or Enter, or press ? or * to list all spells.
Aiming: Ensorcelled Hibernation (safe; 11% risk of failure)
Press: ? - help, Shift-Dir - straight line, f/p - goblin
Aim: a goblin, wielding a +0 dagger (chance to affect: 61%)
The goblin looks drowsy...
The helpless goblin fails to defend itself.
You impale the goblin!!
You kill the goblin!
Jessica says, "Why did you come here?"
Jessica gestures wildly while chanting.
Jessica blinks!
Jessica casts a spell at you. Pain shoots through your body!
Ouch! That really hurt!
You die...

#....(.# #.#...###.
#......... ####..####
.[..@.# ####)## #.#
######## #.#
#......#######
##@###.####........
##...##.# #.#######
#########.#.#.#.####.# #
#.................##.#####
#
#.#######.#g#.#.#........#
# #.# ##...##.####.###.# #
#.# #.....#.####.###.###
###.##
##...##.............
##....##
##.############.###


You could see Jessica (fast) and a goblin (wandering).

Vanquished Creatures
  Ijyb (D:3)
  Terence (D:2)
  Robin (D:3)
  An adder (D:3)
  2 dart slugs
  3 orcs
  6 bats
  4 endoplasms
  A giant cockroach (D:1)
  8 goblins (D:3)
  7 hobgoblins
  2 jackals (D:1)
  3 kobolds
  2 quokkas
  4 ball pythons
  2 frilled lizards
  2 rats (D:1)
50 creatures vanquished.

Notes
Turn   | Place    | Note
-------+----------+-------------------------------------------
     0 | D:1      | malesh the Kobold Enchanter began the quest for the Orb.
     0 | D:1      | Reached XP level 1. HP: 10/10 MP: 3/3
    88 | D:1      | Reached XP level 2. HP: 15/15 MP: 5/5
   102 | D:1      | Learned a level 2 spell: Ensorcelled Hibernation
   462 | D:1      | Reached XP level 3. HP: 19/19 MP: 6/6
   572 | D:1      | Learned a level 3 spell: Confusing Touch
   891 | D:2      | Noticed Sigmund
  1792 | D:2      | Noticed Terence
  1799 | D:2      | Killed Terence
  1800 | D:2      | Reached skill level 5 in Stealth
  1800 | D:2      | Reached XP level 4. HP: 16/24 MP: 2/7
  2237 | D:3      | Noticed Ijyb
  2241 | D:3      | Killed Ijyb
  2483 | D:3      | Reached skill level 1 in Ice Magic
  2483 | D:3      | Reached XP level 5. HP: 28/28 MP: 8/8
  2661 | D:3      | Noticed Robin
  2778 | D:3      | Noticed Jessica
  2851 | D:3      | Killed Robin
  2852 | D:3      | Reached skill level 6 in Stealth
  2946 | D:3      | Learned a level 3 spell: Tukima's Dance
  3050 | D:3      | Killed from afar by Jessica

Illustrated notes

Levels and vault maps discovered:
D:1:      dpeg_arrival_renting, layout_loops_ring
D:2:      layout_basic, uniq_sigmund, uniq_terence
D:3:      layout_loops_corners, mainiacjoe_overflow_paths, uniq_robin,
          uniq_ijyb, uniq_jessica

Skill      XL: |  1  2  3  4  5 |
---------------+----------------+-----
Stealth        | 5 6 |  6.1
Ice Magic      | 1 |  1.2
Dodging        | 3 |  3.0
Fighting       | |  0.4
Short Blades   | |  1.8
Spellcasting   | |  2.6
Hexes          | |  3.4

Action                   |  1- 3 |  4- 6 || total
-------------------------+-------+-------++-------
Melee: Dagger            |    38 |    54 ||    92
Throw: Dart              |       |     2 ||     2
 Cast: Ensorcelled Hiber |    12 |    18 ||    30
       Confusing Touch   |       |     1 ||     1
  Use: Scroll            |     6 |       ||     6
 Stab: Sleeping          |    24 |    21 ||    45
Armor: Robe              |     2 |    18 ||    20
Dodge: Dodged            |    16 |    71 ||    87

Table legend: (Time is in decaauts)
 A = Elapsed time spent in this place.
 B = Non-inter-level travel time spent in this place.
 C = Inter-level travel time spent in this place.
 D = Time resting spent in this place.
 E = Time spent auto-exploring this place.
 F = Levels seen in this place.
 G = Mean time per level.
                   A        B        C        D        E       F      G
               +--------+--------+--------+--------+--------+-----+--------+
         Total |   3048 |   2859 |    189 |    334 |   2067 |   3 | 1016.0 |
       Dungeon |   3048 |   2859 |    189 |    334 |   2067 |   3 | 1016.0 |
               +--------+--------+--------+--------+--------+-----+--------+

Top non-repeatable levels by time:
     D:2: 1121 daAuts
     D:1: 1003 daAuts
     D:3: 923 daAuts
